 Dungeon Crawl Stone Soup version 0.15-a0-998-g88715e2 (webtiles) character file.

49 Somebody the Grave Robber (level 3, -3/19 HPs)
             Began as a Deep Elf Necromancer on May 23, 2014.
             Slain by Crazy Yiuf
             ... wielding a +3,+3 quarterstaff of chaos
              (4 damage)
             ... on Level 2 of the Dungeon.
             The game lasted 00:07:09 (1114 turns).

Somebody the Grave Robber (Deep Elf Necromancer)    Turns: 1114, Time: 00:07:23

HP  -3/19        AC  3     Str  5      XL: 3   Next: 53%
MP   4/10        EV 14     Int 20      God:
Gold 102         SH  0     Dex 15      Spells:  4 memorised,  0 levels left

rFire  . . .     SeeInvis .     (no weapon)
rCold  . . .     Clarity  .     m - +0 robe
rNeg   . . .     Conserve .     (no shield)
rPois  .         rCorr    .     (no helmet)
rElec  .         rRot     .     (no cloak)
SustAb .         Spirit   .     a - +0 pair of gloves
rMut   .         Warding  .     (no boots)
Gourm  .         Stasis   .     (no amulet)
MR     .....                    (no ring)
                                (no ring)

@: not resistant to hostile enchantments, unstealthy
A: no striking features
a: no special abilities


You were on level 2 of the Dungeon.
You were not hungry.

You visited 1 branch of the dungeon, and saw 2 of its levels.

You collected 102 gold pieces.

Inventory:

Hand weapons
 k - a +2,+2 short sword of venom
 o - a +0,+0 club
 p - a +1,+2 spear of venom
Missiles
 d - 29 darts (quivered)
 q - 3 darts of dispersal
Armour
 a - a +0 pair of gloves (worn)
 m - a +0 robe (worn)
Comestibles
 c - a bread ration
 j - 6 grapes
 n - a meat ration
 r - 3 rotting chunks of hobgoblin flesh
 s - a pear
 t - a chunk of goblin flesh
 v - 6 chunks of jackal flesh
Scrolls
 e - a scroll of noise {unknown}
 g - a scroll of recharging
 i - a scroll of magic mapping {unknown}
 l - 2 scrolls of teleportation {unknown}
 u - a scroll of identify
Potions
 f - a potion of magic
 h - a potion of flight
Books
 b - a book of Necromancy

   Spells                             Type                      Level
   *Pain                              Necromancy                   1
   *Animate Skeleton                  Necromancy                   1
   *Vampiric Draining                 Necromancy                   3
   *Regeneration                      Charms/Necromancy            3
   Animate Dead                       Necromancy                   4
   Control Undead                     Necromancy                   4


   Skills:
 + Level 4.6 Dodging
 - Level 2.4 Stealth
 - Level 3.0 Spellcasting
 - Level 5.0 Necromancy


You couldn't memorise any spells.
You knew the following spells:

 Your Spells              Type           Power        Failure   Level  Hunger
a - Pain                  Necr           ###.         1%          1    None
e - Regeneration          Chrm/Necr      ##........   17%         3    ###....
k - Animate Skeleton      Necr           N/A          1%          1    None
v - Vampiric Draining     Necr           ###.......   8%          3    ###....


Dungeon Overview and Level Annotations

Branches:
Dungeon (2/15)

Altars:
Ashenzari

Annotations:
D:2 Crazy Yiuf


Message History

Aim: Crazy Yiuf, wielding a quarterstaff of chaos and wearing a cloak (severely wounded)
You could not reach far enough!
Crazy Yiuf hits your hobgoblin skeleton with a quarterstaff of chaos!
Crazy Yiuf burns your hobgoblin skeleton.
Your hobgoblin skeleton is destroyed!
Crazy Yiuf hits your jackal skeleton with a quarterstaff of chaos!
Your jackal skeleton is destroyed!
Attack whom?
Press: ? - help, Dir - move target cursor, f/p - Crazy Yiuf
Aim: Crazy Yiuf, wielding a quarterstaff of chaos and wearing a cloak (severely wounded)
You reach to attack!
You barely miss Crazy Yiuf.
Crazy Yiuf is severely wounded.
You feel yourself speed up.
Your +1,+2 spear of venom stops dripping with poison.
You are now empty-handed.
Crazy Yiuf hits you with a quarterstaff of chaos!
Ouch! That really hurt!
* * * LOW HITPOINT WARNING * * *
Crazy Yiuf freezes you.
You die...

..%.....).# #.# #..
......#...# #.# #.#
......#...########.#
#
......#..#.........#
.
......#............#
...
.....###....###+..+#
..... .....+.....Z#
#....# ....
.....####...# #....#
... ..... #.....#
#.@.## ## .. #.....#
##g## #.....# #.##
#..[..# ##.# #.....#
#g# #.....# ##.
#.....# .# ... ..
..#


You could see Crazy Yiuf.

Vanquished Creatures
  An adder (D:2)
  2 worms (D:2)
  A giant gecko (D:2)
  3 bats
  3 goblins
  2 hobgoblins
  4 jackals (D:2)
  5 kobolds
  A quokka (D:2)
  4 rats
26 creatures vanquished.

Vanquished Creatures (others)
  A goblin skeleton (D:2)
  A hobgoblin skeleton (D:2)
  3 jackal skeletons (D:2)
  A kobold skeleton (D:2)
6 creatures vanquished.

Grand Total: 32 creatures vanquished

Notes
Turn   | Place    | Note
--------------------------------------------------------------
     0 | D:1      | Somebody, the Deep Elf Necromancer, began the quest for the Orb.
     0 | D:1      | Reached XP level 1. HP: 10/10 MP: 5/5
     2 | D:1      | Learned a level 1 spell: Animate Skeleton
    50 | D:1      | Reached skill level 5 in Necromancy
   573 | D:1      | Reached XP level 2. HP: 12/15 MP: 4/8
   899 | D:2      | Found a shattered altar of Ashenzari.
   916 | D:2      | Reached XP level 3. HP: 13/19 MP: 7/10
   976 | D:2      | Learned a level 3 spell: Vampiric Draining
   980 | D:2      | Learned a level 3 spell: Regeneration
  1070 | D:2      | Noticed Crazy Yiuf
  1114 | D:2      | Slain by Crazy Yiuf

Action                   || total
-------------------------++-------
Melee: Unarmed           ||    11
       Spear             ||    13
       Club              ||     2
 Cast: Pain              ||    37
       Animate Skeleton  ||    10
       Vampiric Draining ||     1
       Regeneration      ||     1
  Use: Scroll            ||     3
 Stab: Sleeping          ||     2
